 BcadrenCrawl: Boulder Brew version 0.03.2.1-72-g33da5a4ea5 (webtiles) character file.

Game seed: 9504195647429642779, levelgen mode: deterministic

291 esc the Ducker (level 6, 0/5 HPs) Fairy Earth Elementalist. Began on Feb 13, 2021. Slain by a sewer rat (1 damage) ... on level 2 of the Dungeon. The game lasted 00:01:34 (809 turns).

esc the Ducker (Fairy Earth Elementalist)            Turns: 809, Time: 00:01:34

Health: 0/5        AC:  0    Str:  2    XL:     6 ^: 317
Magic:  3/3        EV: 28    Int: 20    God:
Gold:   51         SH:  0    Dex: 17    Spells: 11/14 levels left

rFire    . . .     Vision   .   (no jewelry)
rCold    . . .     Gourm    .
rNeg     . . .     Faith    .
rPois    .         Spirit   .
rElec    .         Reflect  .
rCorr    .         Harm     .
MR       +....
Stlth    +.........
HPRegen  0.11/turn
MPRegen  0.13/turn

@: very slightly contaminated, glowing, very slow
A: tiny, no armour or weapons, only one jewelry slot, no melee attacks, fairy
magic, fairy shield, fairy light, decreased potion and divine healing, slowness
1, able to fly, insubstantial
a: Fly


You were on level 2 of the Dungeon.
You were not hungry.

You visited 1 branch of the dungeon, and saw 2 of its levels.

You collected 51 gold pieces.

Inventory:

Scrolls
 a - a scroll of teleportation
 c - a scroll of bless item
 e - a scroll of magic mapping
 g - a scroll of enchantment
Potions
 d - a potion of haste
Comestibles
 b - 4 rations


   Skills:
 + Level 5.3 Dodging
 - Level 1.4 Stealth
 + Level 4.5 Spellcasting
 - Level 1.0 Transmutations
 + Level 4.6 Earth Magic


You had 11 spell levels left.
You knew the following spells:

 Your Spells              Type           Power        Failure   Level  Hunger
a - Sandblast             Erth           23 (50)      1%          1    None
b - Passwall              Tmut/Erth      15 (120)     6%          2    #......

Your spell library contained the following spells:

 Spells                   Type           Power        Failure   Level  Hunger
 Stone Arrow              Erth           23 (50)      5%          3    ##.....
 Petrify                  Tmut/Erth      15 (100)     36%         4    ####...
 Lee's Rapid Deconstruct  Erth           23 (200)     45%         5    ######.
 Methodical Deconstructi  Erth           23 (200)     45%         5    ######.


Dungeon Overview and Level Annotations

Branches:
Dungeon (2/8)

Altars:


Innate Abilities, Weirdness & Mutations

You are too small to use any gear.
You can wear a single ring or amulet completely around your body.
You are incapable of melee of any kind.
Your magic reserves are extremely low but spells that normally cost one mana are free and all other spells cost one mana.
You are extremely frail but all attacks that strike you do exactly one damage.
You exude a bright light in a small radius around yourself.
The effect of potions and godly healing effects is reduced to match your tiny health and magic reserves.
You cover ground slowly.
You can fly continuously.
Your insubstantial form boosts your evasion and grants immunity to sticky flames, nets and constriction.


Message History

The sewer rat bites you (3).
* * * LOW HITPOINT WARNING * * *
Casting: Sandblast (safe; 1% risk of failure)
Confirm with . or Enter, or press ? or * to list all spells.
Aiming: Sandblast (safe; 1% risk of failure)
Press: ? - help, Shift-Dir - straight line, f/p - sewer rat
Aim: a submerged sewer rat (heavily wounded (5/10), haloed)
The blast of sand hits the sewer rat (11)!
You kill the sewer rat!
You hear a splash.
The sewer rat completely misses you (0).
Casting: Sandblast (safe; 1% risk of failure)
Confirm with . or Enter, or press ? or * to list all spells.
Aiming: Sandblast (safe; 1% risk of failure)
Press: ? - help, Shift-Dir - straight line, f - sewer rat
Aim: a sewer rat (healthy (11/11), haloed)
The blast of sand hits the sewer rat but does no damage (0).
The sewer rat is healthy. (11/11) HP The sewer rat bites you (5).
You die...

####.#..#.≈.≈#≈#≈.#
#...#..##.###
##.≈##≈.###
#..#.#...#
###...##.≈#
#≈#..≈.#..##
#≈..#####.≈#
#..≈#≈≈#†≈#
#≈#≈≈..†@# #
###≈...r###..≈#
#.≈...≈≈≈≈;#
##.....###!≈#
#≈....†.≈≈≈≈≈≈≈
#.≈≈≈≈≈.≈≈≈≈≈≈≈
#.≈≈≈≈≈≈≈≈≈≈≈≈≈
#.≈≈≈≈≈≈≈≈≈≈≈≈≈
#≈≈≈≈≈≈≈≈≈≈≈≈≈


You could see a sewer rat.

Vanquished Creatures
  A big kobold (D:2)
  A jelly (D:2)
  2 giant cockroaches
  A gnoll (D:1)
  5 sewer rats (D:2)
  7 cinder newts (D:1)
  2 worms (D:2)
  2 oozes (D:2)
  2 dart slugs (D:1)
  A leopard gecko (D:1)
  5 bats
  6 goblins (D:1)
  2 hobgoblins (D:1)
  9 kobolds
  A ball python (D:1)
  A bat skeleton (D:2)
  A hobgoblin skeleton (D:2)
  7 rats (D:1)
56 creatures vanquished.

Vanquished Creatures (others)
  A bat (D:2)
  A leopard gecko skeleton (D:2)
  A slimehead (D:2)
  59 withered plants (D:2)
62 creatures vanquished.

Grand Total: 118 creatures vanquished

Notes
Turn   | Place    | Note
-------+----------+-------------------------------------------
     0 | D:1      | esc the Fairy Earth Elementalist began the quest for the
                  | Orb.
     0 | D:1      | Reached XP level 1. HP: 3/3 MP: 3/3
    72 | D:1      | Reached skill level 3 in Dodging
    72 | D:1      | Reached XP level 2. HP: 3/3 MP: 3/3
    77 | D:1      | Reached XP level 3. HP: 4/4 MP: 3/3
   299 | D:1      | Reached skill level 4 in Dodging
   299 | D:1      | Reached XP level 4. HP: 4/4 MP: 3/3
   635 | D:2      | Reached XP level 5. HP: 4/4 MP: 3/3
   644 | D:2      | Learned a level 2 spell: Passwall
   739 | D:2      | Reached skill level 5 in Dodging
   796 | D:2      | Reached XP level 6. HP: 3/5 MP: 3/3
   809 | D:2      | Slain by a sewer rat

Levels and vault maps discovered:
D:1:      lightli_arrival_noodles, layout_loops_ring, first_ration
D:2:      layout_sewer, uniq_purgy, uniq_edmund

Skill      XL: |  1  2  3  4  5 |
---------------+----------------+-----
Dodging        | 3 4 5 |  5.3
Spellcasting   | 3 4 |  4.5
Earth Magic    | 4 |  4.6
Stealth        | |  1.4
Transmutations | |  1.0

Action                   |  1- 3 |  4- 6 || total
-------------------------+-------+-------++-------
 Cast: Sandblast         |    32 |    69 ||   101
Dodge: Dodged            |    27 |    54 ||    81
